 Dungeon Crawl Stone Soup version 0.29.1-1-gd02db6906a (webtiles) character file.

Game seed: 11890059775730851190

739 FastidiousMonk the Covert (level 7, -2/60 HPs)
             Began as a Gnoll Delver on Oct 2, 2022.
             Was a Follower of Elyvilon.
             Succumbed to a gnoll's poison
             ... on level 6 of the Dungeon.
             The game lasted 00:59:21 (6825 turns).

FastidiousMonk the Covert (Gnoll Delver)            Turns: 6825, Time: 00:59:22

Health: -2/60      AC:  7    Str: 13    XL:     7   Next: 75%
Magic:  10/11      EV: 12    Int: 10    God:    Elyvilon [*.....]
Gold:   177        SH:  0    Dex: 13    Spells: 11/11 levels left

rFire   . . .      SeeInvis .   a - +0 war axe
rCold   . . .      Faith    .   (no shield)
rNeg    . . .      Spirit   .   l - +0 ring mail
rPois   .          Reflect  .   H - +0 helmet
rElec   .          Harm     .   (no cloak)
rCorr   +          Rampage  .   (no gloves)
Will    .....                   z - +0 pair of boots
Stlth   ++++......              (no amulet)
HPRegen 0.20/turn               u - ring of resist corrosion
MPRegen 0.12/turn               (no ring)

@: lethally poisoned (-2 -> -22)
A: fangs 1, strong nose, distributed training
a: Renounce Religion, Purification


You were on level 6 of the Dungeon.
You worshipped Elyvilon.
Elyvilon was aware of your devotion.
You visited 1 branch of the dungeon, and saw 6 of its levels.

You collected 177 gold pieces.

Inventory:

Hand Weapons
 a - a +0 war axe (weapon)
 b - a +0 sling
 n - a +0 flail
 q - a +0 trident
 C - a +0 whip of electrocution
 L - a +1 dagger of venom
Missiles
 i - 14 poisoned darts
 k - 27 stones (quivered)
 D - 9 boomerangs
Armour
 g - a +0 chain mail
 l - a +0 ring mail (worn)
 z - a +0 pair of boots (worn)
 H - a +0 helmet (worn)
Jewellery
 u - a ring of resist corrosion (left hand)
 y - a ring of flight
Wands
 p - a wand of flame (2)
 x - a wand of digging (9)
 F - a wand of paralysis (10)
Scrolls
 c - a scroll of fog
 d - 2 scrolls of magic mapping
 e - a scroll of fear
 h - 3 scrolls of enchant armour
 j - 2 scrolls of identify
 m - 4 scrolls of teleportation {unknown}
 o - 3 scrolls of butterflies
 s - a scroll of vulnerability {unknown}
 w - 2 scrolls of summoning {unknown}
 B - a scroll of silence {unknown}
 K - 2 scrolls of blinking {unknown}
Potions
 f - a potion of haste
 r - 2 potions of curing
 t - a potion of heal wounds
 v - a potion of attraction {unknown}
 A - a potion of lignification {unknown}
 E - a potion of degeneration {unknown}
 G - a potion of invisibility {unknown}
 I - 3 potions of brilliance
 J - a potion of might {unknown}


   Skills:
 + Level 7.1 Fighting
 + Level 2.8 Short Blades
 + Level 2.8 Long Blades
 + Level 5.4 Axes
 + Level 2.8 Maces & Flails
 + Level 2.8 Polearms
 + Level 2.8 Staves
 + Level 2.8 Ranged Weapons
 + Level 2.8 Throwing
 + Level 2.8 Armour
 + Level 5.4 Dodging
 + Level 10.0 Stealth
 + Level 2.8 Shields
 + Level 2.8 Unarmed Combat
 + Level 2.8 Spellcasting
 + Level 2.2 Conjurations
 + Level 2.2 Hexes
 + Level 2.2 Summonings
 + Level 2.2 Necromancy
 + Level 2.2 Translocations
 + Level 2.2 Transmutations
 + Level 2.2 Fire Magic
 + Level 2.2 Ice Magic
 + Level 2.2 Air Magic
 + Level 2.2 Earth Magic
 + Level 2.2 Poison Magic
 + Level 3.1 Invocations
 + Level 2.8 Evocations


You had 11 spell levels left.
You didn't know any spells.
Your spell library was empty.

Dungeon Overview and Level Annotations

Branches:
Dungeon (6/15)             Temple (0/1) D:4

Altars:
Elyvilon
Nemelex Xobeh
Qazlal
Ru
Yredelemnul

Annotations:
D:2 Altars-UnknownGod, D:3 RunedDoor(safidsghost),Altars-Qazlal,Ru,Elyvilon,NemelexXobeh,, safid's ghost, amateur MiHu
D:4 EcumenicalTemple,Altars-Yredelemnul,


Innate Abilities, Weirdness & Mutations

You have very sharp teeth.
Your uncanny sense of smell can sniff out nearby items.
Your experience applies equally to all skills.


Message History

You slash the gnoll bouda!
You kill the gnoll bouda!
You feel very sick.
The gnoll hits you from afar with a +2 spear of venom.
You are lethally poisoned!
The gnoll hits you with a +0 whip.
* * * LOW HITPOINT WARNING * * *
The gnoll hits you from afar with a +2 spear of venom.
* * * LOW HITPOINT WARNING * * *
You are more poisoned.
You feel purified! The gnoll hits you with a +0 whip.
* * * LOW HITPOINT WARNING * * *
The gnoll completely misses you.
You feel much better. The gnoll hits you with a +0 whip.
The gnoll hits you from afar with a +2 spear of venom.
You are poisoned.
You barely miss the gnoll. Your bite misses the gnoll.
The gnoll is moderately wounded.
You feel very sick.
The gnoll is no longer moving quickly.
The gnoll closely misses you. x2
You hit the gnoll.
The gnoll is moderately wounded.
You feel sick. The gnoll misses you.
The gnoll hits you from afar with a +2 spear of venom.
* * * LOW HITPOINT WARNING * * *
You are lethally poisoned!
* * * LOW HITPOINT WARNING * * *
You feel very sick.
* * * LOW HITPOINT WARNING * * *
You feel very sick.
The gnoll is no longer moving quickly.
You hit the gnoll.
The gnoll is heavily wounded.
* * * LOW HITPOINT WARNING * * *
You feel very sick.
The gnoll is no longer moving quickly.
The gnoll completely misses you. The gnoll hits you but does no damage.
You are more poisoned.
The gnoll barely misses you.
You die...

##.##
#...##
+.8..
.l.
#g#
##g##∆
#..g#
#.8.#
#.@.#
##<##
###


You could see an iguana and 3 gnolls.

Vanquished Creatures
  An ogre (D:5)
  A necrophage (D:5)
  A scorpion (D:4)
  A howler monkey (D:5)
  3 hounds
  A gnoll bouda (D:6)
  2 orc priests
  An iguana (D:4)
  Natasha (thrice) (D:2)
  2 orc wizards (D:4)
  4 gnolls (D:5)
  2 adders
  An ufetubus (D:4)
  3 dart slugs
  20 orcs
  3 endoplasms
  A giant cockroach (D:1)
  6 goblins
  2 hobgoblins (D:3)
  8 quokkas
  7 ball pythons
  6 bats
  5 frilled lizards
  9 kobolds
  10 rats
103 creatures vanquished.

Notes
Turn   | Place    | Note
-------+----------+-------------------------------------------
     0 | D:5      | Reached skill level 9 in Stealth
     0 | D:5      | FastidiousMonk the Gnoll Delver began the quest for the
                  | Orb.
     0 | D:5      | Reached XP level 1. HP: 23/23 MP: 1/1
    47 | D:5      | Noticed a howler monkey
    54 | D:4      | Noticed an iguana
   310 | D:4      | Found a basalt altar of Yredelemnul.
   370 | D:4      | Noticed an orc wizard
   715 | D:3      | Reached XP level 2. HP: 29/29 MP: 2/2
   720 | D:3      | Found a stormy altar of Qazlal.
  1093 | D:3      | Reached skill level 1 in Short Blades
  1093 | D:3      | Reached skill level 1 in Long Blades
  1093 | D:3      | Reached skill level 1 in Maces & Flails
  1093 | D:3      | Reached skill level 1 in Polearms
  1093 | D:3      | Reached skill level 1 in Staves
  1093 | D:3      | Reached skill level 1 in Ranged Weapons
  1093 | D:3      | Reached skill level 1 in Throwing
  1093 | D:3      | Reached skill level 1 in Armour
  1093 | D:3      | Reached skill level 1 in Shields
  1093 | D:3      | Reached skill level 1 in Unarmed Combat
  1093 | D:3      | Reached skill level 1 in Spellcasting
  1093 | D:3      | Reached skill level 1 in Invocations
  1093 | D:3      | Reached skill level 1 in Evocations
  1093 | D:3      | Reached XP level 3. HP: 13/35 MP: 2/4
  1308 | D:3      | Reached XP level 4. HP: 41/41 MP: 5/5
  1335 | D:3      | Found a runed translucent door.
  1337 | D:3      | Found a sacrificial altar of Ru.
  1343 | D:3      | Noticed safid's ghost (amateur MiHu)
  1443 | D:3      | Found a white marble altar of Elyvilon.
  1537 | D:3      | Noticed Natasha
  1585 | D:2      | Killed Natasha
  1586 | D:2      | Reached skill level 1 in Conjurations
  1586 | D:2      | Reached skill level 1 in Hexes
  1586 | D:2      | Reached skill level 1 in Summonings
  1586 | D:2      | Reached skill level 1 in Necromancy
  1586 | D:2      | Reached skill level 1 in Translocations
  1586 | D:2      | Reached skill level 1 in Transmutations
  1586 | D:2      | Reached skill level 1 in Fire Magic
  1586 | D:2      | Reached skill level 1 in Ice Magic
  1586 | D:2      | Reached skill level 1 in Air Magic
  1586 | D:2      | Reached skill level 1 in Earth Magic
  1586 | D:2      | Reached skill level 1 in Poison Magic
  1860 | D:2      | Found a faded altar of an unknown god.
  2098 | D:2      | Noticed Natasha
  2106 | D:2      | Killed Natasha
  2107 | D:2      | Reached XP level 5. HP: 38/47 MP: 5/7
  2139 | D:2      | Noticed Natasha
  2296 | D:2      | Killed Natasha
  3361 | D:3      | Found a sparkling altar of Nemelex Xobeh.
  3844 | D:3      | Became a worshipper of Elyvilon the Healer
  4147 | D:4      | Reached XP level 6. HP: 51/53 MP: 8/8
  4163 | D:4      | Found a staircase to the Ecumenical Temple.
  4374 | D:4      | Reached skill level 5 in Axes
  4374 | D:4      | Reached skill level 5 in Dodging
  5321 | D:5      | Reached XP level 7. HP: 60/60 MP: 10/10
  5813 | D:5      | Reached skill level 10 in Stealth
  6362 | D:5      | Reached * piety under Elyvilon
  6824 | D:6      | HP: 2/60 [poisoned by a gnoll]
  6825 | D:6      | Succumbed to a gnoll's poison

Illustrated notes

Levels and vault maps discovered:
D:1:      spicycebolla_arrival_clurvy, layout_basic, minmay_strange_pillars
D:2:      layout_loops_ring, shapermc_ecumenical_altar_starsandcircs,
          nicolae_kite_square_tiling_tiny, grunt_decor_resistance
D:3:      layout_loops_ring, pf_just_have_faith, mainiacjoe_overflow_catwalk,
          mainiacjoe_overflow_surrounded_room, general_overflow_altar,
          ebering_ghost_sewer_d, uniq_natasha
D:4:      layout_loops_ring, mainiacjoe_overflow_24_doors,
          minmay_temple_entry_fiery
D:5:      layout_basic, uniq_eustachio
D:6:      layout_gridville, roderic_nine_men_s_morris, grunt_ministairs_5,
          chequers_serial_rivers_micro_d

Skill      XL: |  1  2  3  4  5  6  7 |
---------------+----------------------+-----
Stealth        | 10 | 10.0
Short Blades   | 1 2 |  2.8
Long Blades    | 1 2 |  2.8
Maces & Flails | 1 2 |  2.8
Polearms       | 1 2 |  2.8
Staves         | 1 2 |  2.8
Ranged Weapons | 1 2 |  2.8
Throwing       | 1 2 |  2.8
Armour         | 1 2 |  2.8
Shields        | 1 2 |  2.8
Unarmed Combat | 1 2 |  2.8
Spellcasting   | 1 2 |  2.8
Invocations    | 1 2 3 |  3.1
Evocations     | 1 2 |  2.8
Conjurations   | 1 2 |  2.2
Hexes          | 1 2 |  2.2
Summonings     | 1 2 |  2.2
Necromancy     | 1 2 |  2.2
Translocations | 1 2 |  2.2
Transmutations | 1 2 |  2.2
Fire Magic     | 1 2 |  2.2
Ice Magic      | 1 2 |  2.2
Air Magic      | 1 2 |  2.2
Earth Magic    | 1 2 |  2.2
Poison Magic   | 1 2 |  2.2
Axes           | 5 |  5.4
Dodging        | 5 |  5.4
Fighting       | 7 |  7.1

Action                   |  1- 3 |  4- 6 |  7- 9 || total
-------------------------+-------+-------+-------++-------
Melee: Hand axe          |    11 |       |       ||    11
       War axe           |    38 |   199 |    81 ||   318
       Bite              |     4 |    13 |     6 ||    23
       Punch             |     1 |     1 |     1 ||     3
Throw: Stone             |       |     6 |     1 ||     7
Invok: Purification      |       |       |     1 ||     1
  Use: Scroll            |       |     2 |     2 ||     4
       Potion            |       |     2 |     1 ||     3
 Stab: Sleeping          |     3 |    15 |     2 ||    20
Armor: Ring mail         |    10 |    57 |    22 ||    89
Dodge: Dodged            |    28 |   107 |    59 ||   194
